 Dungeon Crawl Stone Soup version 0.27-a0-1501-g9d6fb14e67 (webtiles) character file.

Game seed: 16313213260452957677

13 Drevant2 the Magician (level 2, 21/21 HPs)
             Began as a Djinni Conjurer on July 8, 2021.
             Got out of the dungeon alive.
             The game lasted 00:02:51 (598 turns).

Drevant2 the Magician (Djinni Conjurer)              Turns: 598, Time: 00:02:51

Health: 21/21      AC:  2    Str:  6    XL:     2   Next: 50%
Gold:   0          EV: 12    Int: 19    God:
                   SH:  0    Dex: 11

rFire    + + .     SeeInvis .   (no weapon)
rCold    x . .     Faith    .   (no shield)
rNeg     . . .     Spirit   .   a - +0 robe
rPois    ∞         Reflect  .   (no helmet)
rElec    .         Harm     .   (no cloak)
rCorr    .         Rampage  .   (no gloves)
Will     .....                  (boots unavailable)
Stlth    ++........             (no amulet)
HPRegen  0.07/turn              (no ring)
MPRegen  0.00/turn              (no ring)

@: flying
A: sickness immunity, fire resistance 2, cold vulnerability 1, float, innate
caster, hp casting, extra vitality 1
a: no special abilities


You escaped.
You visited 1 branch of the dungeon, and saw 1 of its levels.

Inventory:

Armour
 a - a +0 robe (worn)
Jewellery
 c - a +6 ring of strength
Scrolls
 b - a scroll of magic mapping {unknown}
 d - a scroll of fog {unknown}


   Skills:
 - Level 2.1 Dodging
 + Level 2.5 Stealth
 - Level 3.2 Spellcasting


You couldn't memorise any spells.
You knew the following spells:

 Your Spells              Type           Power      Damage    Failure   Level
a - Magic Dart            Conj           60%        1d6       3%          1
b - Searing Ray           Conj           30%        3d4       6%          2
c - Dazzling Flash        Conj/Hex       30%        N/A       12%         3
d - Fulminant Prism       Conj/Hex       7%         3d7       36%         4
e - Iskenderun's Mystic   Conj/Tloc      15%        2d5       36%         4
Your spell library was empty.

Dungeon Overview and Level Annotations

Branches:
Dungeon (1/15)

Altars:


Innate Abilities, Weirdness & Mutations

You are immune to sickness and miasma.
You are immune to poison.
Your flesh is very heat resistant. (rF++)
You are vulnerable to cold. (rC-)
You float through the air rather than walking.
You learn spells naturally, not from books.
Your magical power is your life essence.
You have superior vitality. (+4 HP)


Message History

Casting: Magic Dart (safe; 3% risk of failure)
Confirm with . or Enter, or press ? or * to list all spells.
Aiming: Magic Dart (safe; 3% risk of failure)
Press: ? - help, Shift-Dir - straight line, f/p - endoplasm
Aim: an endoplasm (severely wounded, 100% to hit)
The magic dart hits the endoplasm.
You kill the endoplasm!
Casting: Magic Dart (safe; 3% risk of failure)
Confirm with . or Enter, or press ? or * to list all spells.
You can't see any susceptible monsters within range! (Use Z to cast anyway.)
A kobold comes into view. It is wielding a +0 whip.
You need no library to learn spells.
A kobold is nearby!
A kobold is nearby!
A kobold is nearby!
Casting: Magic Dart (safe; 3% risk of failure)
Confirm with . or Enter, or press ? or * to list all spells.
Aiming: Magic Dart (safe; 3% risk of failure)
Press: ? - help, Shift-Dir - straight line, f - kobold
Aim: a kobold, wielding a +0 whip and quivering stones (asleep, 100% to hit)
The magic dart hits the kobold.
You kill the kobold!
Casting: Magic Dart (safe; 3% risk of failure)
Confirm with . or Enter, or press ? or * to list all spells.
You can't see any susceptible monsters within range! (Use Z to cast anyway.) Unknown command.
Things that are here:
a +0 whip; 4 stones Welcome back, Drevant2 the Djinni Conjurer.
Press ? for a list of commands and other information.
Unknown command.
Unknown command.
Unknown command.
There is a stone staircase leading down here.
There is an open door here.
There is a staircase leading out of the dungeon here.
Are you sure you want to leave the Dungeon?
This will make you lose the game! [Y]es or [N]o only, please.
Are you sure you want to leave the Dungeon?
This will make you lose the game!
You have escaped!

#...#≈.≈#§≈≈#
#...#≈.≈#≈≈.#
#...#≈.≈#≈..#
#...#...#...#
#...........#
#...........#
#.......)...#
#...........#
#.....@.....#
#...........#
#############


There were no monsters in sight!

Vanquished Creatures
  A ball python (D:1)
  A bat (D:1)
  4 endoplasms (D:1)
  A hobgoblin (D:1)
  2 kobolds (D:1)
  A frilled lizard (D:1)
10 creatures vanquished.

Notes
Turn   | Place    | Note
-------+----------+-------------------------------------------
     0 | D:1      | Drevant2 the Djinni Conjurer began the quest for the Orb.
     0 | D:1      | Reached XP level 1. HP: 15/15 MP: 0/0
   168 | D:1      | Reached XP level 2. HP: 17/21 MP: 0/0
   598 | D:$      | Got out of the dungeon alive.

Illustrated notes

Levels and vault maps discovered:
D:1:      lightli_arrival_quake, layout_loops_ring, serial_shops,
          nicolae_shop_overgrown_old_shop

Skill      XL: |  1 |
---------------+----+-----
Stealth        | 2 |  2.5
Dodging        | |  2.1
Spellcasting   | |  3.2

Action                   || total
-------------------------++-------
 Cast: Magic Dart        ||    20
       Searing Ray       ||     1
Dodge: Dodged            ||     3

Table legend: (Time is in decaauts)
 A = Elapsed time spent in this place.
 B = Non-inter-level travel time spent in this place.
 C = Inter-level travel time spent in this place.
 D = Time resting spent in this place.
 E = Time spent auto-exploring this place.
 F = Levels seen in this place.
 G = Mean time per level.
                   A        B        C        D        E       F      G
               +--------+--------+--------+--------+--------+-----+--------+
         Total |    598 |    529 |     69 |    136 |    261 |   1 |  598.0 |
       Dungeon |    598 |    529 |     69 |    136 |    261 |   1 |  598.0 |
               +--------+--------+--------+--------+--------+-----+--------+

Top non-repeatable levels by time:
     D:1: 598 daAuts
